 Dungeon Crawl Stone Soup version 0.30-a0-883-g5ad918d77d (webtiles) character file.

Game seed: 4203323699905239324

25 avis the Insei (level 2, -2/24 HPs)
             Began as a Demigod Transmuter on Mar 16, 2023.
             Slain by a black bear (4 damage)
             ... on level 2 of the Dungeon.
             The game lasted 00:06:34 (1458 turns).

avis the Insei (Demigod Transmuter)                 Turns: 1458, Time: 00:06:35

Health: -2/24      AC:  2    Str: 11    XL:     2   Next: 66%
Magic:  6/7        EV: 12    Int: 15    God:
Gold:   37         SH:  0    Dex: 14    Spells: 1/4 levels left

rFire   . . .      SeeInvis .      - Unarmed
rCold   . . .      Faith    .    (no shield)
rNeg    . . .      Spirit   .    a - +0 robe
rPois   .          Reflect  .    (helmet currently unavailable)
rElec   .          Rampage  .    (no cloak)
rCorr   .                        (no gloves)
Will    .....                    (boots currently unavailable)
Stlth   +                        (no amulet)
HPRegen 0.24/turn                (no ring)
MPRegen 0.10/turn                (no ring)

@: appendages
A: horns 2, talons 2, high MP 1, forlorn, divine attributes
a: End Transformation


You were on level 2 of the Dungeon.
You had temporarily grown beastly horns and talons.
You visited 1 branch of the dungeon, and saw 2 of its levels.

You collected 37 gold pieces.

Inventory:

Hand Weapons
 b - a +0 sling
 f - a +0 spear
Armour
 a - a +0 robe (worn)
Scrolls
 c - a scroll of fear {unknown}
Potions
 d - a potion of curing {unknown}
 e - a potion of haste {unknown}
 g - 2 potions of lignification


   Skills:
 - Level 2.0 Fighting
 - Level 1.7 Dodging
 * Level 3.2 Unarmed Combat
 - Level 1.7 Spellcasting
 - Level 1.7 Transmutations


You had one spell level left.
You knew the following spells:

 Your Spells              Type           Power      Damage    Failure   Level
a - Beastly Appendage     Tmut           12%        N/A       11%         1
e - Wereblood             Tmut           6%         N/A       17%         2

Your spell library contained the following spells:

 Spells                   Type           Power      Damage    Failure   Level
 Sting                    Tmut/Pois      12%        1d3       16%         1
 Poisonous Vapours        Pois/Air       2%         N/A       34%         2
 Spider Form              Tmut/Pois      3%         N/A       43%         3
 Ice Form                 Ice/Tmut       3%         N/A       85%         4
 Olgreb's Toxic Radiance  Pois           1%         N/A       92%         4


Dungeon Overview and Level Annotations

Branches:
Dungeon (2/15)


Innate Abilities, Weirdness & Mutations

You have temporarily grown beastly horns and talons.
You have an increased reservoir of magic. (+10% MP)
You shall have no god before yourself.
Your divine heritage dramatically boosts your attributes as you level up.


Message History

Aim: a ball python (asleep, 98% to hit)
You shoot a sling bullet. The sling bullet hits the ball python.
You kill the ball python!
A black bear comes into view.
You see here 15 gold pieces.
You now have 37 gold pieces (gained 15).
The black bear growls angrily.
Fire: b) +0 sling
Press: ? - help, Q - select action, (/) - cycle Shift-Dir - straight line, f - black bear
Aim: a black bear (64% to hit)
You shoot a sling bullet. The sling bullet hits the black bear.
The black bear is lightly wounded.
Fire: b) +0 sling
Press: ? - help, Q - select action, (/) - cycle Shift-Dir - straight line, f/p - black bear
Aim: a black bear (lightly wounded, 64% to hit)
You shoot a sling bullet. The sling bullet hits the black bear.
The black bear is moderately wounded.
You are now empty-handed.
Casting: Beastly Appendage (safe; 11% risk of failure)
Confirm with . or Enter, or press ? or * to list all spells.
You grow a pair of large bovine horns.
Your feet morph into talons.
You hit the black bear.
The black bear is moderately wounded.
The black bear closely misses you. The black bear claws you. x2
You hit the black bear but do no damage.
The black bear is moderately wounded.
The black bear barely misses you. The black bear claws you. x2
You hit the black bear. You claw the black bear.
The black bear is severely wounded.
The black bear closely misses you. The black bear claws you. x2
You hit the black bear.
You claw the black bear, but do no damage.
The black bear is severely wounded.
The black bear goes berserk!
You hit the black bear.
The black bear is almost dead.
The black bear bites you!
* * * LOW HITPOINT WARNING * * *
The black bear claws you.
You die...

... #.# #.# #.#
#.# ...####.#
.......h#
#@####.#
#########......#
+.......#.####.#
#.#.# ###.#.#
#.....#
#...###.# #.##
#.####.#
....####......#


You could see a black bear (berserk).

Vanquished Creatures
  A dart slug (D:1)
  A ball python (D:2)
  3 endoplasms (D:1)
  A giant cockroach (D:1)
  A goblin (D:1)
  A hobgoblin (D:1)
  3 jackals (D:1)
  2 quokkas (D:1)
  2 bats (D:1)
  2 kobolds (D:1)
  4 rats (D:1)
  A spectral hobgoblin (D:1)
22 creatures vanquished.

Notes
Turn   | Place    | Note
-------+----------+-------------------------------------------
     0 | D:1      | avis the Demigod Transmuter began the quest for the Orb.
     0 | D:1      | Reached XP level 1. HP: 15/15 MP: 5/5
    67 | D:1      | Reached skill level 1 in Fighting
   724 | D:1      | Reached XP level 2. HP: 21/24 MP: 5/7
   819 | D:1      | Reached skill level 3 in Unarmed Combat
  1385 | D:2      | Learned a level 2 spell: Wereblood
  1447 | D:2      | Noticed a black bear
  1458 | D:2      | Slain by a black bear

Illustrated notes

Levels and vault maps discovered:
D:1:      dpeg_arrival_three_bigger_balls, layout_basic,
          dreamdust_ecumenical_altar_drowned_temple
D:2:      layout_basic, basic_altar

Skill      XL: |  1  2 |
---------------+-------+-----
Fighting       | 2 |  2.0
Unarmed Combat | 3 |  3.2
Dodging        | |  1.7
Spellcasting   | |  1.7
Transmutations | |  1.7

Action                     || total
---------------------------++-------
  Melee: Unarmed           ||    51
         Kick              ||    11
         Headbutt          ||     3
   Fire: Sling             ||    12
   Cast: Beastly Appendage ||    11
   Stab: Sleeping          ||     2
 Armour: Robe              ||     6
  Dodge: Dodged            ||    30

Table legend: (Time is in decaauts)
 A = Elapsed time spent in this place.
 B = Non-inter-level travel time spent in this place.
 C = Inter-level travel time spent in this place.
 D = Time resting spent in this place.
 E = Time spent auto-exploring this place.
 F = Levels seen in this place.
 G = Mean time per level.
                   A        B        C        D        E       F      G
               +--------+--------+--------+--------+--------+-----+--------+
         Total |   1460 |   1315 |    145 |    253 |    848 |   2 |  730.0 |
       Dungeon |   1460 |   1315 |    145 |    253 |    848 |   2 |  730.0 |
               +--------+--------+--------+--------+--------+-----+--------+

Top non-repeatable levels by time:
     D:1: 1377 daAuts
     D:2: 83 daAuts
